 Dungeon Crawl Stone Soup version 0.29.0-4-gdea44cf6ec (webtiles) character file.

Game seed: 17158397707268192477

203 qw the Chopper (level 5, -15/30 HPs)
             Began as a Tengu Warper on Aug 28, 2022.
             Was an Initiate of Okawaru.
             Demolished by Blork the orc
             ... wielding a +0 halberd
              (16 damage)
             ... on level 4 of the Dungeon.
             The game lasted 00:00:23 (4215 turns).

qw the Chopper (Tengu Warper)                       Turns: 4215, Time: 00:00:24

Health: -15/30     AC:  0    Str: 13    XL:     5   Next: 81%
Magic:  9/9        EV: 23    Int: 13    God:    Okawaru [......]
Gold:   189        SH:  0    Dex: 19    Spells: 8/8 levels left

rFire   . . .      SeeInvis .   (weapon currently unavailable)
rCold   . . .      Faith    .   (shield currently unavailable)
rNeg    . . .      Spirit   .   (body armour currently unavailable)
rPois   .          Reflect  .   (helmet currently unavailable)
rElec   .          Harm     .   (cloak currently unavailable)
rCorr   .          Rampage  .   (gloves currently unavailable)
Will    .....                   (boots unavailable)
Stlth   ++........              (no amulet)
HPRegen 0.10/turn               (ring currently unavailable)
MPRegen 0.11/turn               (ring currently unavailable)

@: bat-form, flying quickly and evasively, very quick
A: fast, flying, no casting, tiny, (beak), (talons 3), nimble flight
a: Renounce Religion


You were on level 4 of the Dungeon.
You worshipped Okawaru.
Okawaru was noncommittal.
You were a bat.
You visited 1 branch of the dungeon, and saw 4 of its levels.

You collected 189 gold pieces.


Innate Abilities, Weirdness & Mutations

You are a bat.
You are tiny and dextrous.
You move quickly.
You are flying.
Your equipment is almost entirely melded.
You are incapable of wielding weapons or throwing items.
You cannot cast spells.
((You have a beak for a mouth.))
((You have claws for feet.))
Your magical nature lets you fly swiftly and evasively.


   Skills:
 - Level 2.0 Fighting
 - Level 6.3 Axes
 - Level 1.0 Throwing
 + Level 1.4 Armour
 - Level 2.1 Dodging
 - Level 2.0 Spellcasting
 - Level 2.4 Translocations


You had 8 spell levels left.
You didn't know any spells.
Your spell library contained the following spells:

 Spells                   Type           Power      Damage    Failure   Level
 Blink                    Tloc           14%        N/A       14%         2
 Gell's Gravitas          Tloc           7%         N/A       28%         3
 Lesser Beckoning         Tloc           7%         N/A       28%         3
 Teleport Other           Tloc           7%         N/A       28%         3
 Manifold Assault         Tloc           7%         N/A       95%         5

Inventory:

Hand Weapons
 o - a +0 morningstar
 Y - a +0 hand axe (melded)
Missiles
 p - 3 javelins
Armour
 f - a +0 chain mail (melded)
Jewellery
 a - a ring of protection from fire (melded)
 h - a +4 ring of protection (melded)
Scrolls
 i - a scroll of immolation {unknown}
 j - a scroll of identify
Potions
 b - a potion of mutation
 c - a potion of invisibility {unknown}
 e - a potion of cancellation {unknown}
 g - a potion of attraction {unknown}
 k - a potion of curing {unknown}
 l - a potion of magic {unknown}

Dungeon Overview and Level Annotations

Branches:
Dungeon (4/15)
 Temple: D:4-7

Altars:
Okawaru
Uskayaw
The Shining One

Annotations:
D:4 Blork the orc


Message History

You hit Blork the orc.
Blork the orc is moderately wounded.
Blork the orc screams, "I'll cover the dungeon with your blood!"
Blork the orc closely misses you.
You barely miss Blork the orc.
Blork the orc is moderately wounded.
Blork the orc misses you.
You hit Blork the orc but do no damage.
Blork the orc is moderately wounded.
Blork the orc completely misses you. Blork the orc misses you.
You barely miss Blork the orc.
Blork the orc is moderately wounded.
Blork the orc barely misses you.
You hit Blork the orc but do no damage.
Blork the orc is moderately wounded.
Blork the orc misses you. x2
You hit Blork the orc but do no damage.
Blork the orc is moderately wounded.
Blork the orc barely misses you.
You hit Blork the orc.
Blork the orc is moderately wounded.
Blork the orc casts a cantrip, but nothing happens.
Blork the orc closely misses you.
You hit Blork the orc.
Blork the orc is moderately wounded.
Blork the orc hits you with a +0 halberd!
You hit Blork the orc but do no damage.
Blork the orc is moderately wounded.
Blork the orc gestures at you while chanting.
The magic dart hits you!
You hit Blork the orc but do no damage.
Blork the orc is moderately wounded.
Blork the orc completely misses you.
Blork the orc grins evilly.
Blork the orc misses you.
You hit Blork the orc.
Blork the orc is heavily wounded.
Blork the orc hits you with a +0 halberd!
Ouch! That really hurt!
You die...

##
###........#######.#
#.........##.....#
+.........##.#####
#.........##.#
###......##..#####
+....).).......#
#####..........#
#.'..........#
#b###......[.#
#.o...#........#
#.....+.......%#
#.....#........#
#+#.#####......# #.+
+......# ###
###..<.# ######


You could see Blork the orc (fast).

Vanquished Creatures
  A scorpion (D:3)
  4 adders
  A gnoll (D:1)
  3 worms
  2 dart slugs
  10 orcs (D:3)
  4 ball pythons
  8 endoplasms
  4 giant cockroaches
  6 goblins
  7 hobgoblins
  8 kobolds
  5 quokkas
  2 bats
  A frilled lizard (D:2)
  5 rats
71 creatures vanquished.

Notes
Turn   | Place    | Note
-------+----------+-------------------------------------------
     0 | D:1      | qw the Tengu Warper began the quest for the Orb.
     0 | D:1      | Reached XP level 1. HP: 12/12 MP: 4/4
     0 | D:1      | 0 ||| qw: Version: 0.1-a-89-g26bdef1
     0 | D:1      | 0 ||| qw: Game counter: 277
     0 | D:1      | 0 ||| qw: Always use a shield: true
     0 | D:1      | 0 ||| qw: God list: Okawaru
     0 | D:1      | 0 ||| qw: Allow faded altars: false
     0 | D:1      | 0 ||| qw: Do Orc after D:15 true
     0 | D:1      | 0 ||| qw: Do second Lair branch before Depths: true
     0 | D:1      | 0 ||| qw: Lair rune preference: random
     0 | D:1      | 0 ||| qw: Plans: Normal
     0 | D:1      | 0 ||| PLANNING D:1-11
   257 | D:1      | 257 ||| DROPPING +0 club.
   307 | D:1      | 307 ||| DROPPING +0 mace.
   414 | D:1      | Reached XP level 2. HP: 17/17 MP: 6/6
   422 | D:1      | Reached skill level 3 in Axes
   694 | D:1      | Reached XP level 3. HP: 18/21 MP: 7/7
   832 | D:1      | 832 ||| Stepping ~*~*~tactically~*~*~ (stealth).
   836 | D:1      | 836 ||| Stepping ~*~*~tactically~*~*~ (stealth).
   850 | D:1      | Reached skill level 4 in Axes
  1026 | D:1      | 1026 ||| Stepping ~*~*~tactically~*~*~ (stealth).
  1192 | D:1      | 1192 ||| UPGRADING to +0 ring mail.
  1202 | D:1      | 1202 ||| DROPPING +0 leather armour.
  1203 | D:1      | 1203 ||| UPGRADING to +4 ring of protection.
  1204 | D:1      | 1204 ||| READING scroll labelled MAGEHU BUB.
  1205 | D:1      | 1205 ||| READING scroll labelled CUEGURPH MERGHESCH.
  1326 | D:1      | 1326 ||| READING scroll labelled NESEUM PIVVIA.
  1327 | D:1      | 1327 ||| READING 2 scrolls labelled MAECZA FUOF.
  1328 | D:1      | 1328 ||| DROPPING scroll of blinking.
  1329 | D:1      | 1329 ||| DROPPING scroll of magic mapping.
  1570 | D:2      | Reached XP level 4. HP: 26/26 MP: 8/8
  1697 | D:2      | 1697 ||| Stepping ~*~*~tactically~*~*~ (stealth).
  1699 | D:2      | 1699 ||| Stepping ~*~*~tactically~*~*~ (stealth).
  2126 | D:2      | Reached skill level 5 in Axes
  2350 | D:2      | 2350 ||| UPGRADING to ring of protection from fire.
  2368 | D:3      | 2368 ||| Stepping ~*~*~tactically~*~*~ (stealth).
  2369 | D:3      | 2369 ||| Stepping ~*~*~tactically~*~*~ (stealth).
  2370 | D:3      | 2370 ||| Stepping ~*~*~tactically~*~*~ (stealth).
  2718 | D:3      | 2718 ||| Stepping ~*~*~tactically~*~*~ (stealth).
  2719 | D:3      | 2719 ||| Stepping ~*~*~tactically~*~*~ (stealth).
  2859 | D:3      | Found a faded altar of an unknown god.
  2863 | D:3      | Found an iron altar of Okawaru.
  2863 | D:3      | Found a glowing golden altar of the Shining One.
  2864 | D:3      | Found a hide-covered altar of Uskayaw.
  2883 | D:3      | Became a worshipper of Warmaster Okawaru
  3127 | D:3      | 3127 ||| Stepping ~*~*~tactically~*~*~ (stealth).
  3394 | D:3      | Noticed a scorpion
  3401 | D:3      | Gained mutation: Your magical nature lets you fly swiftly
                  | and evasively. [Tengu growth]
  3401 | D:3      | Reached XP level 5. HP: 27/30 MP: 9/9
  3403 | D:3      | 3403 ||| FLEEEEING.
  3404 | D:3      | 3404 ||| FLEEEEING.
  3417 | D:3      | 3417 ||| Stepping ~*~*~tactically~*~*~ (stealth).
  3451 | D:3      | Reached skill level 6 in Axes
  3497 | D:3      | 3497 ||| DROPPING +0 flail.
  3777 | D:3      | 3777 ||| UPGRADING to +0 chain mail.
  3787 | D:3      | 3787 ||| DROPPING +0 ring mail.
  3788 | D:3      | 3788 ||| READING scroll labelled JEUDGH ABLASMU.
  3889 | D:3      | 3889 ||| READING scroll labelled ATTEMEGUDD.
  3893 | D:3      | 3893 ||| READING 2 scrolls of identify.
  3893 | D:3      | 3893 ||| IDENTIFYING murky silvery potion
  3960 | D:3      | 3960 ||| Stepping randomly (stuck).
  4034 | D:3      | 4034 ||| Stepping randomly (stuck).
  4099 | D:4      | 4099 ||| Stepping ~*~*~tactically~*~*~ (stealth).
  4188 | D:4      | Noticed Blork the orc
  4189 | D:4      | 4189 ||| Stepping ~*~*~tactically~*~*~ (hiding).
  4202 | D:4      | HP: 4/30 [Blork the orc/puff of frost (12)]
  4203 | D:4      | 4203 ||| DRINKING potion of heal wounds.
  4213 | D:4      | HP: 1/30 [Blork the orc/magic dart (7)]
  4215 | D:4      | Demolished by Blork the orc

Levels and vault maps discovered:
D:1:      dpeg_arrival_oval, layout_loops_ring
D:2:      layout_basic
D:3:      layout_basic, chequers_temple_overflow_statue_of_worship,
          nicolae_ecumenical_oubliette, nicolae_elevator_lobby_plus
D:4:      nicolae_cairo_tiling_large, layout_rooms, serial_shops, shop,
          uniq_blork_the_orc, uniq_robin, uniq_sigmund

Skill      XL: |  1  2  3  4  5 |
---------------+----------------+-----
Axes           | 3 4 5 6 |  6.3
Fighting       | |  2.0
Throwing       | |  1.0
Armour         | |  1.4
Dodging        | |  2.1
Spellcasting   | |  2.0
Translocations | |  2.4

Action                   |  1- 3 |  4- 6 || total
-------------------------+-------+-------++-------
Melee: Hand axe          |    66 |   120 ||   186
       Kick              |    19 |    38 ||    57
       Peck              |     5 |    22 ||    27
       Punch             |       |     2 ||     2
       Unarmed           |       |    22 ||    22
Throw: Boomerang         |     7 |       ||     7
       Javelin           |       |     8 ||     8
  Use: Scroll            |     4 |     3 ||     7
       Potion            |       |     1 ||     1
Armor: Leather armour    |     6 |       ||     6
       Ring mail         |     3 |    35 ||    38
       Chain mail        |       |     3 ||     3
Dodge: Dodged            |    33 |    62 ||    95

Table legend:
 A = Non-vault XP
 B = Vault XP
 C = Vault XP percentage of total XP
 D = Non-vault monster count
 E = Vault monster count
 F = Vault count percentage of total count
                 A         B        C        D         E       F
            +---------+---------+-------+---------+---------+-------
      Total |     290 |       0 |   0.0 |      71 |       0 |   0.0
            +---------+---------+-------+---------+---------+-------
        D:1 |      52 |       0 |   0.0 |      21 |       0 |   0.0
        D:2 |      68 |       0 |   0.0 |      21 |       0 |   0.0
        D:3 |     159 |       0 |   0.0 |      22 |       0 |   0.0
        D:4 |      11 |       0 |   0.0 |       7 |       0 |   0.0
            +---------+---------+-------+---------+---------+-------
